 Dungeon Crawl Stone Soup version 0.30-a0-55-g90e3122c3a (webtiles) character file.

Game seed: 13962945078861205114

1253 Pilot the Trooper (level 8, -1/71 HPs)
             Began as a Minotaur Fighter on Sept 9, 2022.
             Was a Follower of Okawaru.
             Killed by nerve-wracking pain
             ... invoked by an orc priest
              (2 damage)
             ... on level 5 of the Dungeon.
             The game lasted 00:18:47 (4845 turns).

Pilot the Trooper (Minotaur Fighter)                Turns: 4845, Time: 00:18:48

Health: -1/71      AC:  6    Str: 21    XL:     8   Next: 26%
Magic:  0/7        EV: 13    Int: 11    God:    Okawaru [*.....]
Gold:   225        SH:  6    Dex: 12    Spells: 7/7 levels left

rFire   . . .      SeeInvis .    w - +7 whip of the Iron City of Dis {drain, *Corrode Int+6}
rCold   . . .      Faith    .    c - +0 buckler
rNeg    . . .      Spirit   +    b - +0 scale mail
rPois   .          Reflect  .    (helmet restricted)
rElec   .          Harm     .    x - +0 cloak
rCorr   .          Rampage  .    (no gloves)
Will    .....                    (no boots)
Stlth   +.........               p - amulet of guardian spirit
HPRegen 0.21/turn                (no ring)
MPRegen 0.10/turn                (no ring)

@: heroic, corroded, very slow
A: horns 2, retaliatory headbutt
a: Renounce Religion, Heroism


You were on level 5 of the Dungeon.
You worshipped Okawaru.
Okawaru was aware of your devotion.
You visited 1 branch of the dungeon, and saw 5 of its levels.

You collected 225 gold pieces.

Inventory:

Hand Weapons
 a - a +0 long sword
 i - a +1 scythe of protection
 w - the +7 whip of the Iron City of Dis (weapon) {drain, *Corrode Int+6}
   (You found it on level 4 of the Dungeon)

   A truly terrible weapon, it drains the life of any living foe it strikes.
   Int:       It affects your intelligence (+6).
   *Corrode:  It may corrode you when you take damage.
 H - a +1 scimitar of holy wrath
Missiles
 n - 2 datura-tipped darts (quivered)
 o - 5 boomerangs
 D - 2 poisoned darts
Armour
 b - a +0 scale mail (worn)
 c - a +0 buckler (worn)
 f - a +0 robe
 x - a +0 cloak (worn)
Jewellery
 p - an amulet of guardian spirit (around neck)
 s - a +4 ring of slaying
Wands
 y - a wand of paralysis (8)
 B - a wand of mindburst (15)
 G - a wand of roots (12)
 K - a wand of digging (1)
 L - a wand of acid (8)
Scrolls
 e - 3 scrolls of amnesia {unknown}
 g - 7 scrolls of identify {unknown}
 j - 3 scrolls of acquirement {unknown}
 k - a scroll of vulnerability {unknown}
 m - 7 scrolls of immolation {unknown}
 q - a scroll of enchant weapon {unknown}
 r - 2 scrolls of fear {unknown}
 u - 3 scrolls of magic mapping {unknown}
 z - a scroll of noise {unknown}
 A - 2 scrolls of blinking {unknown}
 J - a scroll of enchant armour {unknown}
Potions
 d - 3 potions of might
 h - a potion of attraction {unknown}
 l - a potion of haste {unknown}
 t - a potion of lignification {unknown}
 v - a potion of flight {unknown}
 C - a potion of mutation {unknown}
 E - a potion of cancellation
 F - 2 potions of brilliance {unknown}
 I - a potion of heal wounds {unknown}


   Skills:
 + Level 6.3(11.3) Fighting
 - Level 2.4(7.4) Long Blades
 + Level 3.3(8.3) Maces & Flails
 + Level 3.6(8.6) Throwing
 + Level 6.2(11.2) Armour
 + Level 4.5(9.5) Dodging
 + Level 6.3(11.3) Shields


You had 7 spell levels left.
You didn't know any spells.
Your spell library contained the following spells:

 Spells                   Type           Power      Damage    Failure   Level
 Slow                     Hex            0%         N/A       67%         1
 Confusing Touch          Hex            0%         N/A       96%         3
 Gell's Gravitas          Tloc           0%         N/A       96%         3
 Lesser Beckoning         Tloc           0%         N/A       96%         3
 Teleport Other           Tloc           0%         N/A       96%         3
 Vampiric Draining        Necr           0%         2d6       96%         3


Dungeon Overview and Level Annotations

Branches:
Dungeon (5/15)
 Temple: D:4-7

Altars:
Nemelex Xobeh
Okawaru
Vehumet
The Shining One

Shops:
D:3 !

Annotations:
D:5 1 transporter


Innate Abilities, Weirdness & Mutations

You have a pair of horns on your head.
You reflexively headbutt those who attack you in melee.


Message History

Pain shoots through your body!
You gain the combat prowess of a mighty hero.
The white imp shouts, "Get thee gone, thou lumpish fen-sucked whip-jack!"
The white imp gestures at you. The puff of frost hits you.
You block the shadow imp's attack. The hellwing hits you. x2
The orc priest mumbles some strange prayers to Beogh against you.
Beogh smites you!
* * * LOW HITPOINT WARNING * * *
The shadow imp hits you.
* * * LOW HITPOINT WARNING * * *
The crimson imp blinks!
The kobold demonologist looks encouraged for a moment.
It was a potion of cancellation.
Your magical effects are unravelling.
You feel magically purged.
You are no longer corroded.
The white imp hits you but does no damage.
The shadow imp hits you.
* * * LOW HITPOINT WARNING * * *
Your corrosive artefact corrodes you!
The hellwing hits you!
* * * LOW HITPOINT WARNING * * *
The hellwing closely misses you.
You enter the shallow water.
Moving in this stuff is going to be slow.
The kobold demonologist looks more healthy.
The shadow imp shouts, "Return whence thou came, thou rank clapper-clawed whey-face!"
The shadow imp hits you.
* * * LOW HITPOINT WARNING * * *
The crimson imp hits you but does no damage.
The orc priest looks braver for a moment.
The kobold demonologist gestures wildly while chanting.
The crimson imp hits you but does no damage.
The kobold demonologist casts a spell.
The white imp barely misses you. You block the crimson imp's attack.
The hellwing barely misses you. The hellwing hits you.
* * * LOW HITPOINT WARNING * * *
The orc priest calls down the wrath of Beogh upon you.
Pain shoots through your body!
You die...

#####..[####......##.#.
#.....©.).........##.#.
#.#########.......##.#.
#.#8P$©$P8#.......##.#.
#.#~..!..~#.....#.##.#.
#.####+####.....#.##.#.
#.#.≈...≈.#.#.#.#.##.#.
#.#.≈...≈.#.#.#.#.##.#.
#.#.≈~@P≈.#.#.#.#....#'
#.#3≈55~≈5#.#.#........
#.#o544P≈5#.#.#..).....
#.#K≈.[.≈o#.#.#........
#.#5≈...≈.#.#....).....
#.####'####.##.........
#.#P.....P#.##.##......
#.#8P.©.P8#.##.##......
#.#########.##.##......


You could see a hellwing (summoned), a kobold demonologist, a smoke demon
(summoned), a chaos spawn (summoned), 2 orc priests, a crimson imp (summoned), a
white imp (summoned) and 4 shadow imps.

Vanquished Creatures
  Sigmund (D:5)
  3 black bears (D:5)
  An ogre (D:5)
  2 phantoms
  Blork the orc (D:5)
  A gnoll sergeant (D:4)
  A scorpion (D:4)
  A crimson imp (D:3)
  Natasha (thrice) (D:2)
  An orc wizard (D:4)
  7 gnolls (D:4)
  6 adders
  5 dart slugs
  9 orcs
  7 bats
  6 endoplasms
  A giant cockroach (D:1)
  8 goblins
  7 hobgoblins
  3 jackals (D:3)
  7 quokkas
  10 ball pythons
  4 frilled lizards
  2 goblin skeletons (D:3)
  A hobgoblin zombie (D:3)
  5 kobolds
  3 kobold skeletons (D:3)
  4 kobold zombies (D:3)
  2 orc zombies (D:3)
  2 rats
114 creatures vanquished.

Vanquished Creatures (collateral kills)
  A gnoll bouda (D:4)
  3 gnolls (D:4)
  A worm (D:4)
5 creatures vanquished.

Vanquished Creatures (others)
  5 plants (D:2)
5 creatures vanquished.

Grand Total: 124 creatures vanquished

Notes
Turn   | Place    | Note
-------+----------+-------------------------------------------
     0 | D:1      | Pilot the Minotaur Fighter began the quest for the Orb.
     0 | D:1      | Reached XP level 1. HP: 19/19 MP: 0/0
   169 | D:1      | Reached XP level 2. HP: 27/27 MP: 1/1
   374 | D:1      | Reached skill level 1 in Dodging
   671 | D:1      | Reached XP level 3. HP: 29/33 MP: 2/2
  1280 | D:2      | You fall into a shaft and drop 1 floor!
  1280 | D:3      | Found a radiant altar of Vehumet.
  1280 | D:3      | Found a sparkling altar of Nemelex Xobeh.
  1356 | D:2      | Found a faded altar of an unknown god.
  1389 | D:2      | Noticed a phantom
  1400 | D:2      | Killed a phantom
  1401 | D:2      | Reached skill level 1 in Throwing
  1401 | D:2      | Reached XP level 4. HP: 28/41 MP: 3/3
  1611 | D:2      | Noticed Natasha
  1622 | D:2      | Killed Natasha
  1623 | D:2      | Reached XP level 5. HP: 23/47 MP: 4/4
  1627 | D:2      | Noticed Natasha
  1637 | D:2      | Killed Natasha
  1968 | D:2      | Noticed Natasha
  1982 | D:2      | Killed Natasha
  2187 | D:3      | Found Ydun Xee's Distillery.
  2250 | D:3      | Found a glowing golden altar of the Shining One.
  2265 | D:3      | Reached skill level 5 in Fighting
  2677 | D:3      | Reached skill level 5 in Armour
  2677 | D:3      | Reached XP level 6. HP: 54/56 MP: 5/5
  2744 | D:3      | Found an iron altar of Okawaru.
  2763 | D:3      | Became a worshipper of Warmaster Okawaru
  3108 | D:4      | Identified the +7 whip of the Iron City of Dis {drain,
                  | *Corrode Int+6}
  3237 | D:4      | Reached skill level 5 in Shields
  3253 | D:4      | Reached skill level 1 in Maces & Flails
  4002 | D:4      | Reached XP level 7. HP: 40/61 MP: 3/6
  4359 | D:5      | Entered Level 5 of the Dungeon
  4374 | D:5      | Found a transporter.
  4378 | D:5      | Noticed Sigmund
  4386 | D:5      | Noticed a kobold demonologist
  4395 | D:5      | Killed Sigmund
  4395 | D:5      | Reached * piety under Okawaru
  4533 | D:5      | Reached XP level 8. HP: 63/70 MP: 7/7
  4617 | D:5      | Noticed Blork the orc
  4624 | D:5      | Killed Blork the orc
  4686 | D:5      | Reached ** piety under Okawaru
  4815 | D:5      | Found a transporter.
  4836 | D:5      | Noticed a hellwing
  4843 | D:5      | HP: 2/71 [shadow imp[a kobold demonologist] (3)]
  4845 | D:5      | Noticed a smoke demon
  4845 | D:5      | Killed from afar by an orc priest

Illustrated notes

Levels and vault maps discovered:
D:1:      dpeg_arrival_renting, layout_loops_ring
D:2:      layout_basic, serial_bayou, serial_bayou_ford_a,
          serial_bayou_crossing, serial_bayou_shore_a, serial_bayou_lake_a,
          ebering_ecumenical_altar_ruins, uniq_natasha
D:3:      layout_loops_corners, kennysheep_okawaru_gauntlet,
          nicolae_tso_besieged_by_evil, gammafunk_temple_overflow_statue,
          serial_shops, nicolae_shop_statue_plus
D:4:      layout_loops_corners, hangedman_abyss_or_decor_stabs
D:5:      gammafunk_wand_slinger, layout_basic, uniq_blork_the_orc, uniq_sigmund

Skill      XL: |  1  2  3  4  5  6  7  8 |
---------------+-------------------------+-----
Dodging        | 1 2 3 4 |  4.5
Armour         | 4 5 6 |  6.2
Fighting       | 4 5 6 |  6.3
Shields        | 4 5 6 |  6.3
Throwing       | 1 2 3 |  3.6
Maces & Flails | 1 2 3 |  3.3
Long Blades    | |  2.4

Action                   |  1- 3 |  4- 6 |  7- 9 || total
-------------------------+-------+-------+-------++-------
Melee: Long sword        |    88 |    66 |       ||   154
       Headbutt          |    14 |    24 |     7 ||    45
       Whip              |       |    50 |    49 ||    99
Throw: Dart              |     1 |     6 |     6 ||    13
       Boomerang         |       |     9 |     1 ||    10
Invok: Heroism           |       |       |     1 ||     1
Evoke: Wand              |       |       |     1 ||     1
  Use: Potion            |       |       |     1 ||     1
Armor: Scale mail        |    35 |    43 |    23 ||   101
Dodge: Dodged            |    35 |    47 |    33 ||   115
Block: Buckler           |    24 |    28 |    13 ||    65

Table legend: (Time is in decaauts)
 A = Elapsed time spent in this place.
 B = Non-inter-level travel time spent in this place.
 C = Inter-level travel time spent in this place.
 D = Time resting spent in this place.
 E = Time spent auto-exploring this place.
 F = Levels seen in this place.
 G = Mean time per level.
                   A        B        C        D        E       F      G
               +--------+--------+--------+--------+--------+-----+--------+
         Total |   4975 |   4417 |    558 |      0 |   3590 |   5 |  995.0 |
       Dungeon |   4975 |   4417 |    558 |      0 |   3590 |   5 |  995.0 |
               +--------+--------+--------+--------+--------+-----+--------+

Top non-repeatable levels by time:
     D:4: 1265 daAuts
     D:2: 1124 daAuts
     D:1: 1093 daAuts
     D:3: 1006 daAuts
     D:5: 485 daAuts
